 Dungeon Crawl Stone Soup version 0.28.0-43-g3370ac3207 (webtiles) character file.

Game seed: 17284828571583211669

156 issech the Cudgeller (level 5, -5/53 HPs)
             Began as a Troll Monk on Mar 23, 2022.
             Slain by a gnoll
             ... wielding a +0 halberd
              (9 damage)
             ... on level 3 of the Dungeon.
             The game lasted 00:07:02 (1982 turns).

issech the Cudgeller (Troll Monk)                   Turns: 1982, Time: 00:07:03

Health: -5/53      AC:  4    Str: 19    XL:     5   Next: 14%
Magic:  4/4        EV: 10    Int:  6    God:
Gold:   66         SH:  0    Dex: 14    Spells: 4/4 levels left

rFire   . . .      SeeInvis .   a - +0 mace
rCold   . . .      Faith    .   (no shield)
rNeg    . . .      Spirit   .   b - +0 robe
rPois   .          Reflect  .   (helmet restricted)
rElec   .          Harm     .   (no cloak)
rCorr   .          Rampage  .   (gloves unavailable)
Will    .....                   (boots unavailable)
Stlth   ++........              (no amulet)
HPRegen 0.97/turn               (no ring)
MPRegen 0.09/turn               (no ring)

@: no status effects
A: large, unfitting armour, claws 3, regeneration 1, shaggy fur 1, tough skin 1
a: no special abilities


You were on level 3 of the Dungeon.
You visited 1 branch of the dungeon, and saw 3 of its levels.

You collected 66 gold pieces.

Inventory:

Hand Weapons
 a - a +0 mace (weapon)
Missiles
 d - 4 boomerangs (quivered)
 l - 19 sling bullets
 m - 12 stones
Armour
 b - a +0 robe (worn)
Jewellery
 h - a ring of poison resistance
Scrolls
 c - 3 scrolls of teleportation {unknown}
 e - a scroll of amnesia {unknown}
 i - a scroll of holy word {unknown}
 j - a scroll of silence {unknown}
 k - a scroll of identify {unknown}
Potions
 f - 2 potions of curing {unknown}
 g - a potion of berserk rage {unknown}
 n - a potion of brilliance {unknown}


   Skills:
 + Level 3.1 Fighting
 + Level 4.0 Maces & Flails
 + Level 3.2 Dodging
 + Level 1.3 Stealth


You had 4 spell levels left.
You didn't know any spells.
Your spell library contained the following spells:

 Spells                   Type           Power      Damage    Failure   Level
 Animate Skeleton         Necr           0%         N/A       45%         1
 Apportation              Tloc           0%         N/A       45%         1
 Summon Small Mammal      Summ           0%         N/A       45%         1
 Confusing Touch          Hex            0%         N/A       83%         3
 Yara's Violent Unravell  Hex/Tmut       0%         3d3       100%        5
 Enfeeble                 Hex            0%         N/A       100%        7


Dungeon Overview and Level Annotations

Branches:
Dungeon (3/15)

Altars:


Innate Abilities, Weirdness & Mutations

You are too large for most types of armour.
You have claws for hands.
Your natural rate of healing is unusually fast.
You are covered in fur. (AC +1)
You have tough skin. (AC +1)


Message History

Things that are here:
a +0 hand axe; a +0 club; a +0 ring mail HP restored.
Done exploring.
Done exploring.
There is a stone staircase leading down here.
You climb downwards.
The gnoll hits you with a +0 whip.
The orc throws a boomerang.
The boomerang closely misses you. The gnoll hits you with a +0 whip.
There is a stone staircase leading up here.
The gnoll hits you from afar with a +0 spear.
The orc throws a boomerang.
The boomerang hits you. The gnoll hits you with a +0 whip.
You thump the gnoll!
The gnoll is heavily wounded.
The gnoll hits you from afar with a +0 spear.
The gnoll barely misses you. The gnoll hits you with a +0 whip.
You thump the gnoll!
You kill the gnoll!
The gnoll hits you from afar with a +0 spear.
The gnoll barely misses you. The gnoll closely misses you.
The gnoll barely misses you.
Your Maces & Flails skill increases to level 4!
The orc throws a boomerang.
The boomerang closely misses you.
The gnoll hits you from afar with a +0 spear.
The gnoll hits you with a +0 halberd. The orc hits you with a +0 flail.
The gnoll hits you from afar with a +0 spear.
The gnoll hits you with a +0 halberd!
You thump the orc!
You kill the orc!
The gnoll hits you from afar with a +0 spear.
* * * LOW HITPOINT WARNING * * *
The gnoll hits you with a +0 halberd!
* * * LOW HITPOINT WARNING * * *
The gnoll hits you from afar with a +0 halberd.
* * * LOW HITPOINT WARNING * * *
The gnoll closely misses you.
The gnoll hits you from afar with a +0 halberd!
You die...

..## ..#########
##..........
##....?......
#....$.......
#............ .
#.)gg.)......
....##..<.........
.......@..........
..$####...........
# ##..........
###########


You could see 2 gnolls.

Vanquished Creatures
  A howler monkey (D:2)
  An iguana (D:2)
  2 gnolls
  2 adders (D:2)
  2 worms (D:2)
  6 orcs
  2 bats (D:1)
  5 endoplasms
  A giant cockroach (D:1)
  6 goblins (D:1)
  5 hobgoblins
  2 kobolds
  2 quokkas (D:1)
  5 ball pythons (D:1)
  3 rats
45 creatures vanquished.

Notes
Turn   | Place    | Note
-------+----------+-------------------------------------------
     0 | D:1      | issech the Troll Monk began the quest for the Orb.
     0 | D:1      | Reached XP level 1. HP: 22/22 MP: 0/0
   129 | D:1      | Reached XP level 2. HP: 29/29 MP: 1/1
   558 | D:1      | Reached skill level 3 in Maces & Flails
   743 | D:1      | Reached XP level 3. HP: 34/36 MP: 2/2
  1240 | D:2      | Reached XP level 4. HP: 41/45 MP: 3/3
  1936 | D:2      | Reached XP level 5. HP: 39/53 MP: 4/4
  1977 | D:3      | Reached skill level 4 in Maces & Flails
  1980 | D:3      | HP: 2/53 [gnoll/+0 halberd (2)]
  1982 | D:3      | Slain by a gnoll

Illustrated notes

Levels and vault maps discovered:
D:1:      arrival_zaba_pyramid, layout_loops_ring, nrook_mini_backslash,
          serial_park_tiny_1
D:2:      layout_loops_cross, st_stairs_2
D:3:      layout_rooms, led_sif_pool, shapermc_ecumenical_altar_mp_urbaneastern

Skill      XL: |  1  2  3  4  5 |
---------------+----------------+-----
Maces & Flails | 3 4 |  4.0
Fighting       | 3 |  3.1
Dodging        | 3 |  3.2
Stealth        | |  1.3

Action                   |  1- 3 |  4- 6 || total
-------------------------+-------+-------++-------
Melee: Mace              |   101 |    80 ||   181
       Punch             |     1 |     1 ||     2
 Stab: Sleeping          |     2 |       ||     2
Armor: Robe              |    35 |    25 ||    60
Dodge: Dodged            |    65 |    60 ||   125
